General information
- name: 1v1 TR OBS VCK QZ4
- type: Custom game
- host: 300
- saver: TIMG4STRok
map: TurtleRock
- players: 12
- length: 14:51
- speed: Fast
- version: 1.24 W3XP
- replay type:

» download(126 KB)
Players
team 1 (winner)
300 (
yellow | 224 APM | 3327 actions | 14:51)
4 Blademaster
2 Wind Walk
2 Critical Strike
3 Shadow Hunter
1 Hex
2 Serpent Ward
» actions
| Assign group hotkey | 116 | |
| Basic commands | 45 | |
| Build / train | 55 | |
| ESC pressed | 1 | |
| Enter build submenu | 13 | |
| Enter hero's abilities submenu | 7 | |
| Give item / drop item | 2 | |
| Right click | 1464 | |
| Select / deselect | 532 | |
| Select group hotkey | 964 | |
| Use ability | 128 | |
3327 total
» units
| Peon | 7 | |
| Grunt | 4 | |
| Raider | 10 | |
| Spirit Walker | 6 | |
27 total
» upgrades
| Berserker Strength | 1 | |
| Ensnare | 1 | |
| Spirit Walker Training | 1 | |
3 total
» buildings
| Altar of Storms | 2 | |
| Orc Burrow | 6 | |
| Barracks | 1 | |
| Voodoo Lounge | 1 | |
| Stronghold | 1 | |
| Beastiary | 1 | |
| Spirit Lodge | 1 | |
13 total
» build order
00:03 Altar of Storms
00:04 Altar of Storms
00:16 Orc Burrow
00:33 Barracks
01:23 Orc Burrow
01:48 Voodoo Lounge
02:51 Stronghold
03:58 Orc Burrow
05:40 Beastiary
05:51 Spirit Lodge
08:18 Orc Burrow
09:47 Orc Burrow
11:57 Orc Burrow
» items
| Circlet of Nobility | 1 | |
| Boots of Speed | 1 | |
| Dust of Appearance | 1 | |
| Healing Salve | 5 | |
| Scroll of Speed | 3 | |
| Lesser Clarity Potion | 2 | |
| Potion of Mana | 1 | |
14 total
team 2 (loser)
TIMG4STRok (
gray | 165 APM | 2449 actions | 14:51)
2 Demon Hunter
1 Mana Burn
1 Evasion
1 Beastmaster
1 Summon Quilbeast
» actions
| Assign group hotkey | 24 | |
| Basic commands | 48 | |
| Build / train | 53 | |
| ESC pressed | 2 | |
| Enter build submenu | 16 | |
| Enter hero's abilities submenu | 3 | |
| Right click | 1411 | |
| Select / deselect | 272 | |
| Select group hotkey | 525 | |
| Use ability | 95 | |
2449 total
» units
| Wisp | 18 | |
| Archer | 10 | |
| Druid of the Talon | 8 | |
| Huntress | 1 | |
37 total
» upgrades
| Druid of the Talon Training | 2 | |
2 total
» buildings
| Altar of Elders | 1 | |
| Moon Well | 5 | |
| Ancient of War | 1 | |
| Hunter's Hall | 2 | |
| Tree of Ages | 2 | |
| Ancient of Wonders | 1 | |
| Ancient of Wind | 5 | |
| Tree of Eternity | 1 | |
18 total
» build order
00:06 Altar of Elders
00:21 Moon Well
00:22 Moon Well
00:37 Ancient of War
01:47 Moon Well
02:20 Moon Well
03:07 Hunter's Hall
03:56 Tree of Ages
03:56 Tree of Ages
04:25 Hunter's Hall
04:46 Moon Well
04:56 Ancient of Wonders
06:38 Ancient of Wind
06:39 Ancient of Wind
06:40 Ancient of Wind
06:41 Ancient of Wind
08:11 Tree of Eternity
14:29 Ancient of Wind
» items
| Boots of Speed | 1 | |
| Potion of Healing | 2 | |
| Orb of Venom | 1 | |
4 total
observersaNGRyblackwoman,
baYMs,
imaybackstab,
XCc,
mOOn.LiGhT,
Wingmaster,
a.dalessandro,
spaniardl007,
Hojo,
blinn Chat log
(00:48 / All) 300: u have a gay name
(00:49 / All) 300: i dont like you
(00:54 / All) TIMG4STRok: YO Eat a dick faggot
(01:02 / All) TIMG4STRok: sorry i am azerothian legend
(01:08 / All) TIMG4STRok: and you are afraid of hack???
(04:06 / All) 300: gg pro gamer up noob down
(06:26 / All) 300: |LOL
(06:31 / All) 300: gg leave
(08:44 / All) 300: lucky first game 5 months
(09:40 / All) 300: gg pro up
(09:41 / All) 300: nab down
(10:01 / All) 300: gg pro up
(10:30 / All) 300: gg pro up
(10:31 / All) 300: nab down
(11:10 / All) 300: i retreat heal come back pwn u kk pro up hacker down
(11:15 / All) TIMG4STRok: lmao
(11:16 / All) TIMG4STRok: you mad???
(11:22 / All) 300: QQQQ
(11:24 / All) 300: hacker down pro up
(12:02 / All) 300: np every1 fall to pro gamer me
(12:05 / All) 300: kk thx
(12:11 / All) TIMG4STRok: grats this my first game since 6 months of starcraft
(12:16 / All) TIMG4STRok: you want to play that? : - )
(12:19 / All) 300: this is my first game ever
(12:23 / All) 300: gg kkthx hacker down
(12:24 / All) TIMG4STRok: check my profile
(12:27 / All) TIMG4STRok: i think i play one at
(12:29 / All) TIMG4STRok: in dec
(12:29 / All) 300: gg kk hacker down thx
(12:31 / All) 300: gg hacker down thx
(14:02 / All) 300: gg hacker odwn